General information
- name: BNet
- type: Ladder team game (AT/RT)
- host: Battle.net
- saver: NotAFKJustLazy
map: DragonFalls
- players: 8
- length: 06:10
- speed: Fast
- version: 1.28 W3XP
- replay type: Public
» download(52 KB)
Players
team 1 (winner)

»
yesyes (
green | 57 APM | 351 actions | 06:10)
1 Archmage
1 Blizzard
» actions
| Assign group hotkey | 7 | |
| Basic commands | 4 | |
| Build / train | 25 | |
| Enter build submenu | 13 | |
| Enter hero's abilities submenu | 1 | |
| Remove unit from queue | 1 | |
| Right click | 120 | |
| Select / deselect | 56 | |
| Select group hotkey | 106 | |
| Use ability | 18 | |
351 total
» units
| Peasant | 14 | |
| Goblin Shredder | 1 | |
15 total
» upgrades
» buildings
| Altar of Kings | 1 | |
| Farm | 3 | |
| Lumber Mill | 1 | |
| Arcane Vault | 1 | |
| Scout Tower | 2 | |
| Arcane Tower | 2 | |
| Keep | 1 | |
| Town Hall | 1 | |
| Blacksmith | 1 | |
| Arcane Sanctum | 2 | |
15 total
» build order
00:03 Altar of Kings
00:08 Farm
00:49 Farm
00:54 Lumber Mill
01:08 Arcane Vault
01:48 Farm
02:16 Scout Tower
02:52 Arcane Tower
03:33 Keep
03:49 Town Hall
03:56 Scout Tower
04:26 Arcane Tower
05:13 Blacksmith
05:56 Arcane Sanctum
06:05 Arcane Sanctum
» items
| Scroll of Regeneration | 1 | |
| Healing Salve | 1 | |
2 total
Waffles (
purple | 37 APM | 230 actions | 06:10)
1 Tauren Chieftain
1 Shockwave
» actions
| Build / train | 19 | |
| ESC pressed | 1 | |
| Enter build submenu | 15 | |
| Enter hero's abilities submenu | 1 | |
| Remove unit from queue | 1 | |
| Right click | 108 | |
| Select / deselect | 69 | |
| Use ability | 16 | |
230 total
» units
» buildings
| Orc Burrow | 4 | |
| Altar of Storms | 1 | |
| Voodoo Lounge | 1 | |
| Barracks | 1 | |
| Stronghold | 1 | |
| War Mill | 1 | |
| Beastiary | 2 | |
| Spirit Lodge | 1 | |
| Fortress | 1 | |
13 total
» build order
00:21 Orc Burrow
00:27 Altar of Storms
01:25 Voodoo Lounge
01:39 Orc Burrow
02:44 Barracks
02:47 Orc Burrow
03:21 Stronghold
03:25 War Mill
03:30 Orc Burrow
05:44 Beastiary
05:46 Spirit Lodge
05:49 Fortress
05:59 Beastiary
» items
Karl.Malone (
red | 39 APM | 239 actions | 06:10)
3 Dreadlord
2 Sleep
1 Vampiric Aura
» actions
| Build / train | 28 | |
| Enter build submenu | 9 | |
| Enter hero's abilities submenu | 3 | |
| Give item / drop item | 1 | |
| Right click | 81 | |
| Select / deselect | 93 | |
| Use ability | 24 | |
239 total
» units
| Acolyte | 7 | |
| Ghoul | 1 | |
| Crypt Fiend | 9 | |
| Goblin Shredder | 2 | |
19 total
» buildings
| Crypt | 1 | |
| Graveyard | 1 | |
| Altar of Darkness | 1 | |
| Ziggurat | 3 | |
| Tomb of Relics | 1 | |
7 total
» build order
00:22 Crypt
00:26 Graveyard
00:52 Altar of Darkness
00:56 Ziggurat
01:09 Ziggurat
01:35 Tomb of Relics
02:02 Ziggurat
» items

»
blazinblades (
blue | 24 APM | 151 actions | 06:10)
1 Lich
1 Frost Nova
» actions
| Assign group hotkey | 2 | |
| Basic commands | 1 | |
| Build / train | 17 | |
| Enter build submenu | 11 | |
| Enter hero's abilities submenu | 1 | |
| Remove unit from queue | 4 | |
| Right click | 40 | |
| Select / deselect | 50 | |
| Select group hotkey | 17 | |
| Use ability | 8 | |
151 total
» units
» upgrades
» buildings
| Ziggurat | 3 | |
| Crypt | 1 | |
| Altar of Darkness | 1 | |
| Graveyard | 1 | |
| Halls of the Dead | 1 | |
7 total
» build order
00:36 Ziggurat
00:52 Crypt
01:05 Altar of Darkness
01:26 Ziggurat
02:29 Graveyard
02:41 Ziggurat
03:42 Halls of the Dead
team 2 (loser)
Mercury (
pink | 42 APM | 261 actions | 06:10)
1 Blademaster
1 Wind Walk
» actions
| Assign group hotkey | 4 | |
| Basic commands | 13 | |
| Build / train | 16 | |
| Enter build submenu | 16 | |
| Enter hero's abilities submenu | 1 | |
| Right click | 104 | |
| Select / deselect | 82 | |
| Use ability | 25 | |
261 total
» units
» buildings
| Altar of Storms | 1 | |
| Orc Burrow | 3 | |
| War Mill | 1 | |
| Voodoo Lounge | 1 | |
| Watch Tower | 9 | |
| Stronghold | 1 | |
16 total
» build order
00:33 Altar of Storms
00:38 Orc Burrow
00:50 War Mill
01:22 Voodoo Lounge
02:08 Watch Tower
02:26 Orc Burrow
02:43 Watch Tower
03:08 Watch Tower
04:03 Watch Tower
04:10 Watch Tower
04:24 Watch Tower
04:51 Stronghold
05:22 Orc Burrow
05:29 Watch Tower
05:33 Watch Tower
05:36 Watch Tower
» items

»
Jin_iron_Fist (
yellow | 64 APM | 394 actions | 06:10)
1 Blademaster
1 Wind Walk
» actions
| Assign group hotkey | 12 | |
| Basic commands | 136 | |
| Build / train | 21 | |
| Enter build submenu | 9 | |
| Enter hero's abilities submenu | 1 | |
| Right click | 62 | |
| Select / deselect | 31 | |
| Select group hotkey | 114 | |
| Use ability | 8 | |
394 total
» units
» buildings
| Orc Burrow | 3 | |
| Altar of Storms | 1 | |
| Barracks | 2 | |
| War Mill | 1 | |
| Voodoo Lounge | 1 | |
8 total
» build order
00:24 Orc Burrow
00:38 Altar of Storms
00:54 Barracks
01:48 Barracks
01:59 Orc Burrow
02:22 War Mill
02:48 Orc Burrow
03:11 Voodoo Lounge
tuca_brazil (
teal | 68 APM | 238 actions | 03:31)
1 Tauren Chieftain
1 Shockwave
» actions
| Assign group hotkey | 1 | |
| Build / train | 17 | |
| Enter build submenu | 6 | |
| Enter hero's abilities submenu | 1 | |
| Remove unit from queue | 1 | |
| Right click | 171 | |
| Select / deselect | 35 | |
| Use ability | 6 | |
238 total
» units
» buildings
| Altar of Storms | 1 | |
| Orc Burrow | 3 | |
| Barracks | 1 | |
| Voodoo Lounge | 1 | |
6 total
» build order
00:33 Altar of Storms
00:48 Orc Burrow
01:03 Barracks
01:50 Orc Burrow
02:16 Voodoo Lounge
02:47 Orc Burrow
NotAFKJustLazy (
orange | 65 APM | 402 actions | 06:10)
» actions
| Assign group hotkey | 4 | |
| Basic commands | 262 | |
| Build / train | 7 | |
| Right click | 76 | |
| Select / deselect | 37 | |
| Select group hotkey | 8 | |
| Use ability | 8 | |
402 total
» units
Chat log
(00:12 / Allies) Jin_iron_Fist: rsh
(00:15 / Allies) Jin_iron_Fist: rush
(00:26 / Allies) Mercury: orange is a fat lazy clown that needs some pussie in his life
(03:14 / Allies) Mercury: not afk just a faggot
(03:28 / Allies) Jin_iron_Fist: kill him
(03:38 / All) Waffles: every. fucking. game.
(03:39 / Allies) NotAFKJustLazy: truce
(03:44 / All) Waffles: they need to dish out infraction points
(03:45 / Allies) NotAFKJustLazy: you attack me and teal dies
(03:52 / All) Mercury: ya
(05:17 / Allies) Mercury: lol
(06:09 / All) NotAFKJustLazy: gg got sutck with noobs!